[Event "Early-Titled-Tuesday-Blitz-September-12-2023"]
[Site "Chess.com"]
[Date "2023.09.12"]
[Round "11"]
[White "Vesper2018"]
[Black "TregubovP"]
[Result "0-1"]
[WhiteElo "2603"]
[BlackElo "2655"]
[TimeControl "180+1"]
[EndTime "10:06:13 PDT"]
[Termination "TregubovP won on time"]

1. e4 c5 2. Nc3 e6 3. Nge2 Nc6 4. d4 cxd4 5. Nxd4 Nf6 6. Ndb5 Bb4 7. a3 Bxc3+ 8. Nxc3 d5 9. exd5 exd5 10. Bd3 O-O 11. O-O d4 12. Ne2 Bg4 13. f3 Bh5 14. Bg5 Bg6 15. Nf4 Qd6 16. Qd2 Bxd3 17. Nxd3 Nd5 18.
Rfe1 Rfe8 19. Nf2 h6 20. Ne4 Qc7 21. Bh4 Qb6 22. b4 a5 23. bxa5 Qxa5 24. Qd3 f5 25. Nd6 Rxe1+ 26. Bxe1 Qc5 27. Nxb7 Qe7 28. Qb3 Qe5 29. Bf2 Kh7 30. Nc5 Rb8 31. Qc4 Ne3 32.
Bxe3 Qxe3+ 33. Kh1 Ne5 34. Qf1 Rc8 35. Nd3 Rxc2 36.
Nxe5 Qxe5 37. Rd1 Qe3 38. h3 Re2 39. a4 d3 40. a5 d2 41. Kh2 Re1 0-1

[Event "Early-Titled-Tuesday-Blitz-September-12-2023"]
[Site "Chess.com"]
[Date "2023.09.12"]
[Round "11"]
[White "Gyulamiryan-koryun"]
[Black "NowInChess"]
[Result "0-1"]
[WhiteElo "2014"]
[BlackElo "2234"]
[TimeControl "180+1"]
[EndTime "10:06:13 PDT"]
[Termination "NowInChess won by checkmate"]

1. e4 e6 2. d4 d5 3. Nd2 h6 4. f4 dxe4 5. Nxe4 Nf6 6. Bd3 Nbd7 7. Nf3 b6 8. O-O Bb7 9. Re1 Nxe4 10. Bxe4 Bxe4 11.
Rxe4 Nf6 12. Re1 c5 13. c3 Bd6 14. Qa4+ Qd7 15. Qxd7+ Kxd7 16. Ne5+ Bxe5 17. dxe5 Nd5 18. Rd1 Kc6 19. a3 c4 20. Rd4 b5 21. Kf2 Rhd8 22. Be3 Nxe3 23. Kxe3 Rxd4 24. cxd4 Kd5 25. Rc1 a5 26. b3 Rc8 27. b4 axb4 28. axb4 Ra8 29. Rd1 Ra3+ 30. Ke2 Ra2+ 31. Ke3 Rb2 32. g4 Rb3+ 33.
Ke2 Rxb4 34. h4 c3 35. Kd3 Rxd4+ 36. Kc2 Rxd1 37. Kxd1 Ke4 38. Kc2 b4 39. g5 Kxf4 40. gxh6 gxh6 41. h5 Kxe5 42. Kb3 Kf5 43. Kc2 Kg5 44. Kb3 Kxh5 45. Kc2 Kg4 46. Kb3 h5 47. Kc2 h4 48. Kb3 h3 49. Kc2 h2 50. Kb3 h1=Q 51. Kc2 Qg2+ 52. Kb3 Qb2+ 53. Kc4 c2 54. Kd3 c1=Q 55.
Ke4 Qf4+ 56. Kd3 Qc3+ 57. Ke2 Qfe3+ 58. Kf1 Qce1+ 59. Kg2 Q1g1# 0-1

[Event "Early-Titled-Tuesday-Blitz-September-12-2023"]
[Site "Chess.com"]
[Date "2023.09.12"]
[Round "11"]
[White "IwkooO"]
[Black "Zkid"]
[Result "0-1"]
[WhiteElo "2667"]
[BlackElo "2888"]
[TimeControl "180+1"]
[EndTime "10:06:15 PDT"]
[Termination "Zkid won by resignation"]

1. e4 e6 2. d4 d5 3. Nc3 Bb4 4. exd5 exd5 5. Bd3 Nc6 6. Ne2 Nge7 7. O-O Bf5 8. Bxf5 Nxf5 9. Qd3 Qd7 10. a3 Bxc3 11.
Nxc3 O-O 12. Ne2 Rfe8 13. c3 Re7 14. Bg5 f6 15. Bd2 Rae8 16. Rae1 Na5 17. Nf4 c6 18. Rxe7 Rxe7 19. Re1 Nd6 20. f3 Ndc4 21. Qc2 Nxd2 22.
Qxd2 Nc4 23. Rxe7 Qxe7 24. Qf2 Nxb2 25. g4 Nc4 26. Nd3 Qxa3 27. Qe2 Kf7 28. Nc5 Qc1+ 29. Kf2 Qb2 30. Qxb2 Nxb2 31. Nxb7 Ke7 32. Ke2 Nc4 33.
Kd3 a5 34. Nc5 f5 35. h4 fxg4 36. fxg4 Nb6 37. Kc2 a4 38. Kb2 Nc4+ 39. Ka2 a3 40. Nd3 Kd6 41. Kb3 Ne3 42. Ne5 c5 43. Kxa3 cxd4 44. cxd4 Nc2+ 45. Kb2 Nxd4 46. Nf7+ Ke7 47.
Ne5 Ke6 48. Nd3 Nf3 49. h5 Kf6 50. Nf4 d4 51. Nh3 Ne5 52. g5+ Kf5 53. Kc2 Kg4 54.
Nf2+ Kxg5 0-1

[Event "Early-Titled-Tuesday-Blitz-September-12-2023"]
[Site "Chess.com"]
[Date "2023.09.12"]
[Round "11"]
[White "VOneChess"]
[Black "nitpicker"]
[Result "1-0"]
[WhiteElo "2217"]
[BlackElo "2239"]
[TimeControl "180+1"]
[EndTime "10:06:15 PDT"]
[Termination "VOneChess won by resignation"]

1. e4 c5 2. Nf3 d6 3. d4 cxd4 4. Nxd4 Nf6 5. Nc3 Nc6 6. Bg5 Qb6 7. Nb3 e6 8. Qd2 a6 9. O-O-O Be7 10. f4 Qc7 11. Be2 O-O 12. Bf3 Rd8 13. g4 b5 14.
Bxf6 Bxf6 15. g5 Be7 16. Nd4 Bb7 17. h4 Rac8 18. Kb1 b4 19. Nce2 Na5 20. b3 Bf8 21. h5 e5 22. Nf5 d5 23. exd5 Qd7 24. Be4 Rc5 25. g6 Bxd5 26. gxf7+ Kh8 27. Bxd5 Rxd5 28.
Qxd5 Qxd5 29. Rxd5 Rxd5 30. fxe5 Rxe5 31. Ned4 Nb7 32. Rg1 Nd6 33. Nxd6 Bxd6 34. Rf1 Bf8 35. Kb2 g6 36. h6 g5 37. Rf6 g4 38. Rxa6 Re7 39.
Ra8 Rxf7 40. Ne6 g3 41. Nxf8 Ra7 42. Rxa7 g2 43. Rxh7+ 1-0

[Event "Early-Titled-Tuesday-Blitz-September-12-2023"]
[Site "Chess.com"]
[Date "2023.09.12"]
[Round "11"]
[White "FGHSMN"]
[Black "Rosh1610"]
[Result "1-0"]
[WhiteElo "2877"]
[BlackElo "2469"]
[TimeControl "180+1"]
[EndTime "10:06:16 PDT"]
[Termination "FGHSMN won by checkmate"]

1. e4 c5 2. Nf3 d6 3. d4 cxd4 4. Nxd4 Nf6 5. Nc3 a6 6. h3 e5 7.
Nf3 Be7 8. g4 h6 9. Rg1 Be6 10.
g5 hxg5 11. Nxg5 Nc6 12. Nxe6 fxe6 13. Rxg7 Qa5 14. Bd2 Qb4 15. a3 Qxb2 16. Rb1 Qxa3 17. Rxb7 d5 18. exd5 exd5 19. Qf3 O-O-O 20. Qxf6 Kxb7 21.
Qe6 Qd6 22. Qg4 e4 23. Bg2 Ne5 24. Nxe4 Nxg4 25. Nxd6+ Rxd6 26. Rxe7+ Kc6 27. hxg4 Rh2 28. Kf1 Rg6 29. Bf4 Rh8 30. g5 Rf8 31. Be3 Rf5 32. Bh3 Rf8 33. Ke2 a5 34. f4 Ra8 35. f5 Rgg8 36. g6 a4 37. Re6+ Kb5 38. Rb6+ Kc4 39. Kd2 d4 40. Bf1+ Kd5 41. Rb5+ Ke4 42. Bd3+ Kf3 43.
Bxd4 a3 44. f6 a2 45. f7 Rgd8 46. Ba1 Rdb8 47. Rxb8 Rxb8 48. g7 Kg2 49. f8=Q Rxf8 50. gxf8=Q Kh1 51. c4 Kg2 52. c5 Kh1 53. c6 Kg2 54. c7 Kh1 55. c8=Q Kg2 56. Qg4+ Kh1 57. Qh6# 1-0

[Event "Early-Titled-Tuesday-Blitz-September-12-2023"]
[Site "Chess.com"]
[Date "2023.09.12"]
[Round "11"]
[White "Iball95"]
[Black "h4parah5"]
[Result "0-1"]
[WhiteElo "2776"]
[BlackElo "2939"]
[TimeControl "180+1"]
[EndTime "10:06:18 PDT"]
[Termination "h4parah5 won by resignation"]

1. e4 c5 2. Nf3 Nc6 3. Nc3 Nf6 4.
Bb5 Qc7 5. O-O Nd4 6. Re1 a6 7. Bf1 Ng4 8. e5 Nxf3+ 9. Qxf3 Nxe5 10. Qh5 d6 11. f4 Nc6 12. Nd5 Qd8 13. b3 e6 14. Bb2 Nd4 15. f5 g6 16. fxg6 fxg6 17. Qg4 Bg7 18. c3 O-O 19. Ne3 Nc6 20. Rad1 d5 21. d4 cxd4 22. cxd4 Qd6 23. Qh4 Qf4 24. Qxf4 Rxf4 25. g3 Rf8 26. Bh3 h5 27. Re2 g5 28. Bg2 Bd7 29. Ba3 Nxd4 30. Red2 Nf3+ 31. Bxf3 Rxf3 32. Nc2 Rc8 33. Ne1 Rf5 34. Nd3 Bb5 35.
Bd6 Rd8 36. Bc7 Rd7 37. Bb6 g4 38. Be3 d4 39. Bf2 e5 40. Nc5 Re7 41. Ne4 Bc6 42.
Re1 Bh6 43. Rdd1 Kh7 44. Nd6 Rf6 45. Nc4 Rfe6 46. Re2 Bf3 47. Rde1 Bxe2 48. Rxe2 d3 49. Re4 d2 50. Rxg4 hxg4 51. h4 d1=Q+ 52. Kh2 Qf3 53. Nd2 Bxd2 54. h5 Rh6 55. b4 Rxh5+ 56. Kg1 Kg8 0-1

[Event "Early-Titled-Tuesday-Blitz-September-12-2023"]
[Site "Chess.com"]
[Date "2023.09.12"]
[Round "11"]
[White "Bilan_Danila"]
[Black "Dr_crypt"]
[Result "0-1"]
[WhiteElo "2557"]
[BlackElo "2430"]
[TimeControl "180+1"]
[EndTime "10:06:18 PDT"]
[Termination "Dr_crypt won by resignation"]

1. d4 Nf6 2. Nf3 d5 3. c4 e6 4.
Nc3 a6 5. cxd5 exd5 6. Bg5 Be7 7. e3 O-O 8. Bd3 Be6 9. O-O Nbd7 10. Rc1 c6 11. h3 Re8 12. a3 a5 13. Na4 Ne4 14.
Bf4 Bd6 15. Bxe4 Bxf4 16. Bxh7+ Kxh7 17. exf4 f6 18. Re1 Bf5 19. Nh4 Be6 20. Qh5+ Kg8 21. f5 Bf7 22. Ng6 Bxg6 23. fxg6 Nf8 24. Nc5 Rb8 25. Ne6 Rxe6 26. Rxe6 Nxe6 27. Qh7+ Kf8 28. Re1 Ke7 29. Qxg7+ Kd6 30. Qf7 Qd7 31. Qxf6 Qe7 32. Qe5+ Kd7 33. f4 Qd6 34. f5 Qxe5 35.
dxe5 Nd4 36. f6 Ke6 37. g7 Kf7 38. g4 Re8 39. g5 Nf3+ 40. Kf2 Nxe1 41. Kxe1 Rxe5+ 42. Kf2 Rxg5 0-1

[Event "Early-Titled-Tuesday-Blitz-September-12-2023"]
[Site "Chess.com"]
[Date "2023.09.12"]
[Round "11"]
[White "KatakuriDono"]
[Black "Zampronha1971"]
[Result "1-0"]
[WhiteElo "2341"]
[BlackElo "2321"]
[TimeControl "180+1"]
[EndTime "10:06:19 PDT"]
[Termination "KatakuriDono won on time"]

1. d4 Nf6 2. c4 e6 3. Nf3 b6 4. g3 Ba6 5. b3 d5 6. cxd5 exd5 7. Bg2 Bb4+ 8. Nbd2 O-O 9. O-O Re8 10. Re1 c6 11.
Bb2 Nbd7 12. a3 Bd6 13. Rc1 Rc8 14. b4 Bb7 15. Qb3 h6 16. h4 Ne4 17. Nxe4 dxe4 18.
Nh2 e3 19. Ng4 exf2+ 20. Nxf2 Qc7 21. Ne4 Nf6 22. Nxd6 Qxd6 23. e4 Nh5 24. e5 Qd7 25. Qf3 g6 26. Rf1 Ng7 27. Kh2 Ne6 28. Rcd1 Nc7 29.
Bh3 Ne6 30. Bg2 Rcd8 31. Qe3 h5 32. Rf6 Nc7 33. Rdf1 Rf8 34. Bh3 Qe7 35. e6 Nd5 36. exf7+ Kg7 37. Qxe7 Nxe7 38. d5 Kh7 39. d6 Nd5 40.
Re6 Bc8 41. Re7 Bxh3 42. Kxh3 a5 43. bxa5 bxa5 44. Bd4 a4 45. Bc5 Nc3 46. d7 Nb5 47. Re8 Kg7 48. Bxf8+ 1-0

[Event "Early-Titled-Tuesday-Blitz-September-12-2023"]
[Site "Chess.com"]
[Date "2023.09.12"]
[Round "11"]
[White "malakismayil"]
[Black "itsdsyr"]
[Result "1-0"]
[WhiteElo "2517"]
[BlackElo "2241"]
[TimeControl "180+1"]
[EndTime "10:06:20 PDT"]
[Termination "malakismayil won on time"]

1. e4 e5 2. Nf3 Nc6 3. Bc4 Bc5 4. O-O Nf6 5. Nc3 d6 6. d3 O-O 7. h3 h6 8. Be3 Re8 9. Qd2 Bxe3 10. fxe3 Be6 11. Bb3 Bxb3 12. axb3 d5 13. exd5 Nxd5 14. e4 Nf4 15. Kh2 Ng6 16. Nd5 Nce7 17. Ne3 c6 18.
Qf2 Qd6 19. Qg3 Qe6 20. Rf2 a6 21. Raf1 Rf8 22. Nh4 Nxh4 23. Qxh4 a5 24. Qg3 a4 25.
bxa4 Kh8 26. b3 f6 27. Ng4 Kh7 28. h4 Ng6 29. Ne3 Nf4 30. Qf3 g6 31. g3 Nh5 32. Ng2 Rf7 33. g4 Ng7 34. Ne3 Raf8 35. Qg3 Ne8 36. Rg1 Nd6 37. Rfg2 Ne8 38. Nf5 1-0

[Event "Early-Titled-Tuesday-Blitz-September-12-2023"]
[Site "Chess.com"]
[Date "2023.09.12"]
[Round "11"]
[White "abhidabhi"]
[Black "MokshAD1603"]
[Result "1/2-1/2"]
[WhiteElo "2858"]
[BlackElo "2607"]
[TimeControl "180+1"]
[EndTime "10:06:22 PDT"]
[Termination "Game drawn by repetition"]

1. Nf3 d5 2. c4 d4 3. b4 c5 4.
bxc5 Nf6 5. g3 Nc6 6. Bg2 e5 7.
d3 Bxc5 8. O-O O-O 9. Nfd2 h6 10.
Nb3 Be7 11. Ba3 Re8 12. Bxe7 Qxe7 13. a4 Bf5 14. Na3 e4 15. Nb5 Rad8 16. c5 exd3 17.
exd3 Nb4 18. Nd6 Rxd6 19. cxd6 Qxd6 20. Qd2 Nxd3 21. a5 b6 22. Ra4 bxa5 23. Rxd4 Qa3 24.
Nxa5 Ne5 25. Nc4 Nf3+ 26. Bxf3 Qxf3 27. Rf4 Qh5 28. Qa5 Bd3 29. Rc1 Qe2 30. Qxa7 Be4 31. Qe3 Qa2 32. Nd6 Nd5 33. Rxe4 Nxe3 34. Rxe8+ Kh7 35.
Rxe3 Qd2 36. Rc7 Qxd6 37. Rxf7 Qd1+ 38. Kg2 Qd5+ 39. Rff3 g5 40. g4 h5 41. h3 h4 42. Rd3 Qe4 43. Re3 Qd5 44. Re7+ Kg6 45. Rf7 Qe4 46. Kf1 Qb1+ 47. Kg2 Qe4 48. Rf6+ Kg7 49. Rf5 Kg6 50. Rf7 Qd5 51. Kh2 Qe5+ 52. Kg1 Qe1+ 53. Kg2 Qe4 1/2-1/2

[Event "Early-Titled-Tuesday-Blitz-September-12-2023"]
[Site "Chess.com"]
[Date "2023.09.12"]
[Round "11"]
[White "Juicy_Fork"]
[Black "benny_aizenberg"]
[Result "0-1"]
[WhiteElo "2470"]
[BlackElo "2621"]
[TimeControl "180+1"]
[EndTime "10:06:22 PDT"]
[Termination "benny_aizenberg won by checkmate"]

1. e4 e5 2. Nf3 Nf6 3. Nxe5 Nc6 4. Nf3 Nxe4 5. Nc3 Nxc3 6. dxc3 Be7 7. Bd3 d5 8. Be3 Be6 9. Qe2 Qd7 10. O-O-O O-O-O 11. Bb5 Qd6 12. Kb1 a6 13. Bd3 Bf6 14. h3 Rhe8 15.
Rhe1 h6 16. a3 Na5 17. b4 Bxc3 18. Nd2 d4 19. Nc4 Nxc4 20. Bxc4 Bxc4 21. Qxc4 Bxe1 22. g3 Bc3 23. Bf4 Qc6 24. Qxf7 Qd7 25. Qc4 Kb8 26. a4 g5 27. Bd2 Bxd2 28. Rxd2 Re1+ 29. Kb2 Qxa4 30.
Rxd4 Qa1+ 31. Kb3 Qb1+ 32. Kc3 Qa1+ 33. Kb3 Qxd4 34. Qf7 Qd5+ 35. Qxd5 Rxd5 36. c4 Rd2 37. Kc3 Rxf2 38. c5 Re3+ 39. Kd4 Rxg3 40. Ke5 Rxh3 41. b5 axb5 42. c6 bxc6 43. Ke6 Kb7 44. Kd7 Rd2+ 45. Ke6 Rf3 46. Ke5 Rf4 47. Ke6 b4 48. Ke7 b3 49.
Ke8 b2 50. Ke7 b1=N 51. Ke6 c5 52. Ke5 c4 53. Ke6 c3 54. Ke7 c2 55. Ke6 c1=R 56.
Ke5 Re1# 0-1

[Event "Early-Titled-Tuesday-Blitz-September-12-2023"]
[Site "Chess.com"]
[Date "2023.09.12"]
[Round "11"]
[White "FairChess_on_YouTube"]
[Black "fireheart92"]
[Result "1-0"]
[WhiteElo "3055"]
[BlackElo "2968"]
[TimeControl "180+1"]
[EndTime "10:06:23 PDT"]
[Termination "FairChess_on_YouTube won by resignation"]

1. d4 e6 2. Nf3 Nf6 3. c4 b6 4.
g3 Ba6 5. Nbd2 d5 6. cxd5 exd5 7.
Bg2 Bd6 8. O-O O-O 9. Ne5 Qe8 10. Ndf3 Nbd7 11. Bf4 Ne4 12. Rc1 Ndf6 13. Re1 c5 14.
e3 c4 15. h3 Bb4 16. Re2 c3 17. bxc3 Nxc3 18. Rxc3 Bxe2 19. Qxe2 Bxc3 20. Nh4 Rc8 21.
Nf5 Qe6 22. g4 Rfe8 23. h4 Ne4 24. Bh3 f6 25. Nd3 g6 26. Nh6+ Kg7 27. Kg2 Nd2 28.
g5 f5 29. Be5+ Kf8 30. Nf4 Qc6 31. Nxf5 gxf5 32. Qh5 Re7 33. Bxf5 Qc4 34. Bd3 Qc6 35. Bxh7 Rf7 36. Bg6 Rcc7 37. Qh8+ Ke7 38. Bxf7 Qb5 39.
Qf6+ Kd7 40. Qe6+ Kd8 41. Bf6+ Re7 42. Qxe7+ Kc8 43. Be6+ Kb8 44. Qd8+ 1-0

[Event "Early-Titled-Tuesday-Blitz-September-12-2023"]
[Site "Chess.com"]
[Date "2023.09.12"]
[Round "11"]
[White "Rickstereo"]
[Black "Arteler"]
[Result "0-1"]
[WhiteElo "2567"]
[BlackElo "2462"]
[TimeControl "180+1"]
[EndTime "10:06:23 PDT"]
[Termination "Arteler won on time"]

1. Nf3 d5 2. g3 c6 3. Bg2 Nf6 4.
c4 a6 5. b3 Bf5 6. O-O e6 7.
Bb2 h6 8. d4 Nbd7 9. Nc3 Be7 10. Nd2 b5 11. e4 dxe4 12. Ndxe4 Rc8 13. Qd2 O-O 14. Rad1 b4 15. Nxf6+ Nxf6 16. Ne2 Qa5 17. Ba1 Rfd8 18. Qb2 Be4 19. f3 Bh7 20. Kh1 Nd7 21. g4 Bf6 22. f4 c5 23. g5 hxg5 24. fxg5 Bxg5 25. dxc5 Bf6 26. Qc1 Qxc5 27. Nf4 Bxa1 28. Qxa1 Nf6 29. Rde1 Rd2 30. Re5 Qd6 31. Qe1 Rd8 32. Rg5 Rd1 33. Qg3 Rxf1+ 34. Bxf1 Be4+ 35. Bg2 Bxg2+ 36. Kxg2 Qd2+ 37. Kh3 g6 38. Nxg6 Ne4 39. Ne7+ Kf8 40. Rg8+ Kxe7 41. Qc7+ Rd7 0-1

[Event "Early-Titled-Tuesday-Blitz-September-12-2023"]
[Site "Chess.com"]
[Date "2023.09.12"]
[Round "11"]
[White "DeArron_Fox"]
[Black "inagreV"]
[Result "1-0"]
[WhiteElo "2487"]
[BlackElo "2275"]
[TimeControl "180+1"]
[EndTime "10:06:23 PDT"]
[Termination "DeArron_Fox won by resignation"]

1. d4 Nf6 2. c4 e6 3. Nf3 d5 4. e3 a6 5. b3 c5 6. Bb2 cxd4 7.
Nxd4 Bb4+ 8. Bc3 Be7 9. Bd3 O-O 10. O-O Nbd7 11. Nd2 Nc5 12. Be2 Bd7 13. Rc1 Rc8 14.
Bb2 Rc7 15. cxd5 Nxd5 16. Nc4 Bf6 17. Bf3 Nb4 18. Ba3 Ncd3 19. Rc3 b5 20. Rxd3 Nxd3 21. Bxf8 bxc4 22. Bd6 Rc8 23. Bb7 Bxd4 24. exd4 Bc6 25. Bxc8 Qxd6 26. bxc4 Nf4 27. d5 exd5 28. Re1 g6 29.
Qd4 Nxg2 30. Re2 Nf4 31. Re3 g5 32. c5 Qc7 33. Bg4 Qa5 34. h3 Qxa2 35. Qf6 Qb1+ 36. Kh2 Qg6 37. Qxg6+ Nxg6 38. Rb3 Ne5 39. Rb6 Bb5 40. Bc8 d4 41. Bxa6 d3 42. Bxb5 Nf3+ 43. Kg3 d2 44. Rd6 g4 45. hxg4 Ne5 46. Rxd2 1-0

[Event "Early-Titled-Tuesday-Blitz-September-12-2023"]
[Site "Chess.com"]
[Date "2023.09.12"]
[Round "11"]
[White "Actuary44"]
[Black "FredddieCroderg"]
[Result "1-0"]
[WhiteElo "2519"]
[BlackElo "2322"]
[TimeControl "180+1"]
[EndTime "10:06:24 PDT"]
[Termination "Actuary44 won by resignation"]

1. e4 c5 2. d4 cxd4 3. c3 Nf6 4.
Bd3 e6 5. cxd4 Nc6 6. Be3 d5 7. e5 Nd7 8. Ne2 Be7 9. O-O a6 10. Nbc3 b5 11. f4 g6 12. g4 Nb6 13. f5 Bd7 14.
fxe6 Bxe6 15. Nf4 Bg5 16. Qe1 Nc4 17. Bxc4 bxc4 18. Nxe6 fxe6 19. h3 Qe7 20. Bxg5 Qxg5 21. Qf2 O-O-O 22. Rad1 h5 23. Qf4 Qh4 24. g5 Qxh3 25.
Rf3 Qf5 26. Qg3 Qg4 27. Qxg4 hxg4 28. Rf6 Rh4 29. Rxg6 Rdh8 30. Rxe6 Rh1+ 31. Kg2 Rxd1 32. Nxd1 Nxd4 33. Rxa6 Rh5 34. g6 Rg5 35. Ne3 Nf3 36.
e6 Kb7 37. e7 Re5 38. g7 Ne1+ 39. Kf2 Nd3+ 40. Ke2 Nf4+ 41. Kd2 d4 42. Nxc4 Rxe7 43. g8=Q Kxa6 44. Qc8+ Kb5 45. Nd6+ Kb6 46. Qd8+ Kc5 47. Qxe7 1-0

[Event "Early-Titled-Tuesday-Blitz-September-12-2023"]
[Site "Chess.com"]
[Date "2023.09.12"]
[Round "11"]
[White "Shockerlover"]
[Black "Ariadna_Atreides"]
[Result "1-0"]
[WhiteElo "2008"]
[BlackElo "2206"]
[TimeControl "180+1"]
[EndTime "10:06:24 PDT"]
[Termination "Shockerlover won on time"]

1. d4 Nf6 2. Nf3 e6 3. c4 Bb4+ 4. Bd2 Bxd2+ 5. Nbxd2 d6 6. Qc2 Qe7 7. e4 e5 8. dxe5 dxe5 9. Be2 Nc6 10. O-O O-O 11.
a3 a5 12. Rad1 a4 13. Nb1 Bg4 14. Nc3 Bxf3 15. Bxf3 Nd4 16. Qd3 Rfd8 17. Qe3 c6 18. g3 Nd7 19. Bg4 Nc5 20. Ne2 Ncb3 21. Nc3 Rd6 22.
Rd3 Rad8 23. Rfd1 g6 24. Kg2 h5 25. Bh3 g5 26. Bf5 Nxf5 27. exf5 f6 28. Ne4 Rxd3 29. Rxd3 Nd4 30. c5 Kg7 31. Nd6 b6 32. Rxd4 bxc5 33. Rxa4 Qxd6 34. Ra7+ Rd7 35. Rxd7+ Qxd7 36. Qxc5 Qxf5 37. Qxc6 g4 38. Qc7+ Kg6 39. Qc3 Qe4+ 40.
Kg1 Qb1+ 41. Kg2 Qd1 42. Qe3 Qb1 43. h3 f5 44. Qb6+ Kg5 45. Qe3+ Kg6 46. hxg4 1-0

[Event "Early-Titled-Tuesday-Blitz-September-12-2023"]
[Site "Chess.com"]
[Date "2023.09.12"]
[Round "11"]
[White "Parhamov"]
[Black "wonderfultime"]
[Result "1/2-1/2"]
[WhiteElo "3100"]
[BlackElo "3005"]
[TimeControl "180+1"]
[EndTime "10:06:25 PDT"]
[Termination "Game drawn - insufficient material"]

1. a3 d5 2. Nf3 Nf6 3. d4 Bf5 4. Bf4 e6 5. e3 Bd6 6. Nbd2 O-O 7.
Bg3 c5 8. dxc5 Bxc5 9. c4 a5 10. Rc1 b6 11. Nb3 Nbd7 12. Nfd4 Ne4 13. Nxf5 exf5 14.
cxd5 Qf6 15. Rc2 Rac8 16. Ba6 Rcd8 17. O-O Ne5 18. Nxc5 bxc5 19. Be2 Rfe8 20. Bf3 Nxf3+ 21. gxf3 Ng5 22. Kg2 h5 23. Rxc5 Nh7 24. h4 Qxb2 25. Rxa5 Rxe3 26. d6 Nf8 27. Qc1 Qxc1 28. Rxc1 Rd3 29.
Rxf5 Rxa3 30. Rc7 f6 31. Rxh5 Ne6 32. Re7 Nd4 33. Rc5 Kh7 34. h5 Ra6 35. Bf4 Raxd6 36. Bxd6 Rxd6 37. Re4 Ne6 38. Rf5 Kh6 39. Rg4 Nd4 40.
Rg6+ Kh7 41. Rf4 Ne6 42. Rfg4 Rd7 43. h6 Nf4+ 44. Rxf4 Kxg6 45. hxg7 Kxg7 46. Kg3 Kg6 47. Ra4 Rd1 48. Ra5 Rd4 49. f4 Rb4 50. Kg4 Rc4 51. f3 Rb4 52. Ra7 Rc4 53. Re7 Rb4 54. Kg3 Ra4 55. Re4 Ra5 56. Rc4 Rb5 57. Kg4 Ra5 58.
Rc8 Ra4 59. Rg8+ Kf7 60. Rh8 Kg6 61. Rh5 Rxf4+ 62. Kxf4 Kxh5 63. Kf5 Kh4 64. f4 Kg3 65. Kxf6 Kxf4 1/2-1/2

[Event "Early-Titled-Tuesday-Blitz-September-12-2023"]
[Site "Chess.com"]
[Date "2023.09.12"]
[Round "11"]
[White "Witik"]
[Black "Cheer_Down"]
[Result "1-0"]
[WhiteElo "2712"]
[BlackElo "2435"]
[TimeControl "180+1"]
[EndTime "10:06:25 PDT"]
[Termination "Witik won by resignation"]

1. e4 c5 2. Nf3 d6 3. d4 cxd4 4.
Nxd4 Nf6 5. Nc3 a6 6. Be3 e6 7.
g4 h6 8. Rg1 Nc6 9. h4 g6 10.
g5 hxg5 11. hxg5 Nh5 12. Qd2 Bd7 13. O-O-O Qc7 14. Be2 O-O-O 15. Kb1 Kb8 16. Nb3 Ne5 17. f4 Nc4 18. Bxc4 Qxc4 19. Bf2 Bc8 20. Qe3 Re8 21. Qa7+ Kc7 22. Bb6+ Kd7 23. Qb8 Qc6 24. Bd4 Bg7 25. Bxg7 Nxg7 26. e5 d5 27. Ne4 Nh5 28.
Nd6 Ref8 29. Rd3 Nxf4 30. Rc3 Qb6 31. Rc1 Ne2 32. Rf1 Nxc3+ 33. bxc3 Ke7 34. a4 Rh4 35. Nxc8+ Rxc8 36. Qxc8 Rxa4 37. Kb2 Rc4 38. Qg8 Kd7 39. Rxf7+ Kc6 40. Qc8+ Kb5 41. Qxb7 Qxb7 42. Rxb7+ Kc6 43. Re7 Rg4 44. Rxe6+ Kd7 45. Rxg6 1-0

[Event "Early-Titled-Tuesday-Blitz-September-12-2023"]
[Site "Chess.com"]
[Date "2023.09.12"]
[Round "11"]
[White "Andreikka"]
[Black "HansOnTwitch"]
[Result "0-1"]
[WhiteElo "3013"]
[BlackElo "3061"]
[TimeControl "180+1"]
[EndTime "10:06:26 PDT"]
[Termination "HansOnTwitch won by resignation"]

1. Nf3 d5 2. g3 Nc6 3. d4 Bf5 4. Bg2 e6 5. O-O Nb4 6. Ne1 Nf6 7. c3 Nc6 8. Nd2 h5 9. Nef3 Bd6 10. c4 Ne4 11. Qb3 Na5 12. Qa4+ c6 13. c5 b5 14. Qb4 Bc7 15. Ne5 Nxd2 16. Qxd2 Nc4 17. Qc3 Nxe5 18. dxe5 h4 19. Qd4 hxg3 20. hxg3 f6 21.
exf6 Qxf6 22. Be3 Be5 23. Qd2 Bxb2 24. Rad1 Bc3 25. Qc1 Be5 26. Bg5 Qg6 27. Qe3 Qh5 28. f4 Qh2+ 29. Kf2 Be4 30. Rg1 Bf6 31. Kf1 Bxg2+ 32.
Rxg2 Qh3 33. Bxf6 gxf6 34. Kf2 Kf7 35. a4 b4 36. a5 Rab8 37. Qd3 Rb5 38. e4 Rxc5 39. Rd2 Rg8 40. Qe3 Rc3 41. Qxa7+ Kg6 42. Qe7 Qg4 43. f5+ exf5 44. exf5+ Qxf5+ 45. Ke1 Rc1+ 46.
Rd1 Rxd1+ 47. Kxd1 Qf1+ 0-1

[Event "Early-Titled-Tuesday-Blitz-September-12-2023"]
[Site "Chess.com"]
[Date "2023.09.12"]
[Round "11"]
[White "Zohid6"]
[Black "sergoy"]
[Result "0-1"]
[WhiteElo "2746"]
[BlackElo "2932"]
[TimeControl "180+1"]
[EndTime "10:06:26 PDT"]
[Termination "sergoy won on time"]

1. d4 d5 2. Nc3 Nf6 3. Bf4 a6 4. e3 e6 5. g4 Bd6 6. g5 Nfd7 7. Nf3 b5 8. h4 Bxf4 9. exf4 c5 10. dxc5 Nc6 11. h5 Qc7 12. Ne2 Nxc5 13. Nfd4 Ne7 14.
h6 g6 15. Bg2 Bb7 16. c3 O-O-O 17. O-O Kb8 18. a4 Nxa4 19. Rxa4 bxa4 20. Qxa4 Rd6 21. Ra1 Rb6 22. Qa3 Rc8 23. Bf1 e5 24. fxe5 Qxe5 25.
Nf3 Qd6 26. b4 f6 27. Ned4 Nf5 28. Bh3 Nxd4 29. Nxd4 Re8 30. Qc1 Qe5 31. Nf3 Qe4 32. Bg2 d4 33. Qf1 dxc3 34. Re1 Qc6 35. Rc1 Rxb4 36.
Qd3 Rg4 37. Rxc3 Qd5 38. Qb1 Ka7 39. Kh2 Ree4 40. Rd3 Qc6 41. Qb3 Ref4 42. Bh1 Rh4+ 0-1

[Event "Early-Titled-Tuesday-Blitz-September-12-2023"]
[Site "Chess.com"]
[Date "2023.09.12"]
[Round "11"]
[White "IMTominho"]
[Black "bazar-wokzal"]
[Result "1-0"]
[WhiteElo "2851"]
[BlackElo "2577"]
[TimeControl "180+1"]
[EndTime "10:06:28 PDT"]
[Termination "IMTominho won on time"]

1. Nf3 c5 2. c3 g6 3. d4 cxd4 4. cxd4 Bg7 5. Nc3 d5 6. Bf4 Nf6 7. e3 O-O 8. h3 a6 9. Bd3 Nc6 10. O-O Bf5 11. Bxf5 gxf5 12. Rc1 e6 13. Na4 Ne4 14. Ne1 Qe7 15. Nd3 Rac8 16. Bh2 Nb4 17. Nb6 Rxc1 18. Nxc1 Qd8 19. Na4 b5 20. Nc3 Qb6 21.
Nb3 Rc8 22. a3 Nxc3 23. bxc3 Nc6 24. Qd3 Na5 25. Nc5 Nc4 26. a4 Nb2 27. Qc2 Nxa4 28.
Nxa4 bxa4 29. Qxa4 Qc6 30. Qa5 Qb5 31. Qa1 Qc4 32. Bf4 f6 33. Rb1 e5 34. Bg3 Qxc3 35. Qxa6 Qc6 36. Qa7 Rc7 37. Rb8+ Kf7 38. Qa2 f4 39. exf4 exd4 40. Qe2 f5 41. Bh4 Qe6 42. Qd3 Qe4 43. Qd1 Qe6 44. Kh2 Kg6 45. Qf3 h6 46.
Rb5 1-0

[Event "Early-Titled-Tuesday-Blitz-September-12-2023"]
[Site "Chess.com"]
[Date "2023.09.12"]
[Round "11"]
[White "MatthewG-p4p"]
[Black "DenLaz"]
[Result "0-1"]
[WhiteElo "2883"]
[BlackElo "3066"]
[TimeControl "180+1"]
[EndTime "10:06:30 PDT"]
[Termination "DenLaz won by checkmate"]

1. e4 c5 2. c3 d5 3. exd5 Qxd5 4.
d4 Nf6 5. Nf3 e6 6. Na3 a6 7.
Nc4 Nbd7 8. a4 cxd4 9. Qxd4 Bc5 10. Qh4 O-O 11. Be3 Bxe3 12. Nxe3 Qc5 13. Bd3 b6 14. Ng5 h6 15. Ne4 Qc7 16. Nxf6+ Nxf6 17. O-O Bb7 18. Rad1 Rfd8 19. Bc2 Qc5 20. Qc4 Qe5 21.
Qb4 Qc7 22. Qc4 Qe7 23. Qh4 Kf8 24. Nc4 Nd5 25. Qxe7+ Kxe7 26. Rfe1 Rac8 27. Ne5 Nf4 28. f3 g5 29. Kf2 f6 30. Ng4 h5 31. Ne3 Rxd1 32.
Rxd1 h4 33. g3 Nd5 34. Bb3 Nxe3 35. Kxe3 Rh8 36. Re1 hxg3 37. hxg3 e5 38. Bc2 Rh3 39. Rg1 Rh2 40. Rc1 Ke6 41. g4 Bc6 42. b4 Kd6 43. c4 Kc7 44. b5 Bb7 45. bxa6 Bxa6 46. Be4 Ra2 47. c5 Re2# 0-1